 Dungeon Crawl Stone Soup version 0.26-a0-52-gd53d4cd (webtiles) character file.

Game seed: 7966448207387919606

7287 thirtiethelement the Blocker (level 11, 0/87 HPs)
             Began as a Gnoll Fighter on June 7, 2020.
             Was a High Priest of Okawaru.
             Slain by a two-headed ogre
             ... wielding a +0 giant spiked club
              (26 damage)
             ... on level 10 of the Dungeon.
             The game lasted 00:20:08 (12032 turns).

thirtiethelement the Blocker (Gnoll Fighter)       Turns: 12032, Time: 00:20:08

Health: 0/87       AC: 10    Str: 22    XL:     11   Next: 12%
Magic:  19/19      EV: 14    Int: 10    God:    Okawaru [*****.]
Gold:   535        SH:  6    Dex: 15    Spells: 21/21 levels left

rFire    + . .     SeeInvis .   I - +4 war axe of Pyfyipui {vorpal, rElec rC++}
rCold    + . .     Gourm    .   y - +0 buckler
rNeg     . . .     Faith    +   F - +0 acid dragon scales
rPois    .         Spirit   .   p - +0 helmet
rElec    +         Reflect  .   L - +0 cloak
rCorr    +         Harm     .   (no gloves)
MR       .....                  (no boots)
Stlth    +++.......             w - amulet of faith
HPRegen  0.24/turn              u - ring of fire
MPRegen  0.16/turn              (no ring)

@: drained
A: distributed training, fangs 1, strong nose
a: Heroism, Finesse, Renounce Religion


You were on level 10 of the Dungeon.
You worshipped Okawaru.
Okawaru was extremely pleased with you.
You were not hungry.

You visited 2 branches of the dungeon, and saw 11 of its levels.
You also visited: Sewer.

You collected 535 gold pieces.

Inventory:

Hand Weapons
 a - a +1 war axe
 z - a +0 battleaxe
 C - a +2 falchion of protection
 I - the +4 war axe of Pyfyipui (weapon) {vorpal, rElec rC++}
   (You found it on level 8 of the Dungeon)

   It inflicts extra damage upon your enemies.
   It greatly protects you from cold.
   It insulates you from electricity.
Missiles
 q - 13 javelins
 s - 5 boomerangs (quivered)
Armour
 c - a +0 kite shield
 p - a +0 helmet (worn)
 y - a +0 buckler (worn)
 F - +0 acid dragon scales (worn)
 L - a +0 cloak (worn)
 N - a +2 chain mail of cold resistance
 P - a +0 pair of boots
Jewellery
 l - an uncursed amulet of the acrobat
 r - an uncursed amulet of magic regeneration
 u - a ring of fire (left hand)
 w - an amulet of faith (around neck)
 A - an uncursed ring of fire
 M - an uncursed amulet of guardian spirit {unknown}
Wands
 b - a wand of flame (17)
 k - a wand of polymorph (7)
 G - a wand of random effects (17)
 K - a wand of digging (4)
 Q - a wand of disintegration (29)
Scrolls
 e - 10 scrolls of remove curse
 n - 4 scrolls of fog
 t - 2 scrolls of teleportation
 v - a scroll of amnesia
 x - 2 scrolls of enchant weapon
 D - a scroll of magic mapping
 H - 5 scrolls of identify
Potions
 d - 3 potions of might
 g - 2 potions of haste
 h - 3 potions of heal wounds
 i - 2 potions of resistance
 j - 3 potions of lignification
 m - 5 potions of flight
 o - 9 potions of curing
 B - 2 potions of stabbing {unknown}
 E - 2 potions of brilliance {unknown}
 J - 2 potions of mutation {unknown}
 R - a potion of berserk rage
 S - a potion of magic {unknown}
Comestibles
 f - 12 rations
 O - 2 chunks of flesh


   Skills:
 + Level 8.9(8.2) Fighting
 + Level 5.9(5.2) Short Blades
 + Level 5.9(5.2) Long Blades
 + Level 7.5(6.9) Axes
 + Level 5.9(5.2) Maces & Flails
 + Level 5.9(5.2) Polearms
 + Level 5.9(5.2) Staves
 + Level 5.9(5.2) Slings
 + Level 5.9(5.2) Bows
 + Level 5.9(5.2) Crossbows
 + Level 5.9(5.2) Throwing
 + Level 8.9(8.2) Armour
 + Level 5.9(5.2) Dodging
 + Level 5.9(5.2) Stealth
 + Level 8.9(8.2) Shields
 + Level 5.9(5.2) Unarmed Combat
 + Level 5.9(5.2) Spellcasting
 + Level 4.8(4.2) Conjurations
 + Level 4.8(4.2) Hexes
 + Level 4.8(4.2) Charms
 + Level 4.8(4.2) Summonings
 + Level 4.8(4.2) Necromancy
 + Level 4.8(4.2) Translocations
 + Level 4.8(4.2) Transmutations
 + Level 4.8(4.2) Fire Magic
 + Level 4.8(4.2) Ice Magic
 + Level 4.8(4.2) Air Magic
 + Level 4.8(4.2) Earth Magic
 + Level 4.8(4.2) Poison Magic
 + Level 6.4(5.8) Invocations
 + Level 5.9(5.2) Evocations


You had 21 spell levels left.
You didn't know any spells.
Your spell library contained the following spells:

 Spells                   Type           Power        Failure   Level  Hunger
 Beastly Appendage        Tmut           ##....       4%          1    None
 Magic Dart               Conj           ##..         4%          1    None
 Summon Butterflies       Summ           ##......     4%          1    None
 Blink                    Tloc           N/A          7%          2    ##.....
 Call Imp                 Summ           ##......     7%          2    ##.....
 Slow                     Hex            ##......     7%          2    ##.....
 Sticks to Snakes         Tmut           ##......     7%          2    ##.....
 Call Canine Familiar     Summ           ##......     14%         3    ###....
 Conjure Flame            Conj/Fire      ###.....     14%         3    ###....
 Mephitic Cloud           Conj/Pois/Air  ##......     14%         3    ###....
 Spider Form              Tmut/Pois      ##........   14%         3    ###....
 Ice Form                 Ice/Tmut       ##......     43%         4    ####...
 Summon Ice Beast         Ice/Summ       ##......     43%         4    ####...
 Blade Hands              Tmut           ##........   78%         5    ######.
 Summon Mana Viper        Hex/Summ       ##......     78%         5    ######.
 Summon Hydra             Summ           ##........   100%        7    #######


Dungeon Overview and Level Annotations

Branches:
Dungeon (10/15)            Temple (1/1) D:4           Sewer (visited)
   Lair: D:8-11         Orc: D:9-12

Altars:
Ashenzari
Cheibriados
Dithmenos
Elyvilon
Fedhas
Kikubaaqudgha
Makhleb
Nemelex Xobeh
Okawaru
Qazlal
Ru
Trog
Uskayaw
Vehumet
Wu Jian
The Shining One

Shops:
D:4 [


Innate Abilities, Weirdness & Mutations

Your experience applies equally to all skills.
You have very sharp teeth.
Your uncanny sense of smell can sniff out nearby items.


Message History

You slash the two-headed ogre! You block the wight's attack.
The two-headed ogre closely misses you. x2
You barely miss the wight.
The wight is moderately damaged.
You barely miss the two-headed ogre. The wight barely misses you.
You hit the wight.
The wight is heavily damaged.
You slash the two-headed ogre! You block the two-headed ogre's attack.
The two-headed ogre hits you with a +0 giant club!!
* * * LOW HITPOINT WARNING * * *
The wight completely misses you.
You slash the wight!
You destroy the wight!
Okawaru accepts your kill.
You hit the two-headed ogre. The two-headed ogre misses you.
The two-headed ogre closely misses you.
You hit the two-headed ogre.
The two-headed ogre is severely wounded.
The two-headed ogre hits you with a +0 giant spiked club!!
You die...

#...##.###..# #..#
#...##....^.####..#
#...##............#
#...##..###.....).#
#...##..# #.####†.#
#.......# #.# #..#
#.......# #.# #).#
#..##...# #.# #(.#
...##...# #.# #@)#
...##...# #.#
#O)......#
..)##...#
#........#
##.##...#
#...###..# #.##...#
....# .# #.# .....#
#.# .....# #.#
......# #.#


You could see a two-headed ogre.

Vanquished Creatures
  Harold (D:6)
  The ghost of Deaus the Cleaver, a novice VSFi of Gozag (D:9)
  Pikel (D:4)
  Maggie (D:6)
  A hippogriff (D:8)
  A wyvern (D:8)
  Menkaure (D:7)
  An acid dragon (D:6)
  Duvessa (D:7)
  2 ice beasts
  3 orc warriors
  5 phantoms
  6 ogres
  8 centaurs
  A big kobold (Sewer)
  10 bullfrogs
  Dowan (D:7)
  A scorpion (D:4)
  4 killer bees (D:10)
  12 wights
  A bullfrog zombie (D:10)
  2 crimson imps
  2 hounds
  3 jellies
  A bullfrog skeleton (D:8)
  A centaur skeleton (D:8)
  2 orc priests
  5 orc wizards
  Jessica (D:2)
  4 iguanas
  3 worker ants
  2 hound skeletons
  14 gnolls
  5 river rats (Sewer)
  17 adders
  5 shadow imps
  3 adder skeletons
  3 worms
  3 dart slugs
  3 leopard geckos
  20 orcs
  10 giant cockroaches
  7 goblins
  3 hobgoblins
  10 jackals
  24 kobolds
  2 quokkas
  5 ball pythons (Sewer)
  10 bats
  6 frilled lizards
  A jackal skeleton (D:5)
  27 rats
267 creatures vanquished.

Notes
Turn   | Place    | Note
-------+----------+-------------------------------------------
     0 | D:1      | thirtiethelement the Gnoll Fighter began the quest for the
                  | Orb.
     0 | D:1      | Reached XP level 1. HP: 23/23 MP: 1/1
   211 | D:1      | Reached XP level 2. HP: 29/29 MP: 2/2
   686 | D:2      | Reached XP level 3. HP: 35/35 MP: 3/3
   691 | D:2      | Noticed Jessica
   698 | D:2      | Killed Jessica
   698 | D:2      | Reached skill level 1 in Invocations
   792 | D:2      | Reached skill level 1 in Short Blades
   792 | D:2      | Reached skill level 1 in Long Blades
   792 | D:2      | Reached skill level 1 in Maces & Flails
   792 | D:2      | Reached skill level 1 in Polearms
   792 | D:2      | Reached skill level 1 in Staves
   792 | D:2      | Reached skill level 1 in Slings
   792 | D:2      | Reached skill level 1 in Bows
   792 | D:2      | Reached skill level 1 in Crossbows
   792 | D:2      | Reached skill level 1 in Throwing
   792 | D:2      | Reached skill level 1 in Dodging
   792 | D:2      | Reached skill level 1 in Stealth
   792 | D:2      | Reached skill level 1 in Unarmed Combat
   792 | D:2      | Reached skill level 1 in Spellcasting
   792 | D:2      | Reached skill level 1 in Evocations
   792 | D:2      | Reached XP level 4. HP: 32/41 MP: 5/5
   978 | D:2      | Reached skill level 1 in Conjurations
   978 | D:2      | Reached skill level 1 in Hexes
   978 | D:2      | Reached skill level 1 in Charms
   978 | D:2      | Reached skill level 1 in Summonings
   978 | D:2      | Reached skill level 1 in Necromancy
   978 | D:2      | Reached skill level 1 in Translocations
   978 | D:2      | Reached skill level 1 in Transmutations
   978 | D:2      | Reached skill level 1 in Fire Magic
   978 | D:2      | Reached skill level 1 in Ice Magic
   978 | D:2      | Reached skill level 1 in Air Magic
   978 | D:2      | Reached skill level 1 in Earth Magic
   978 | D:2      | Reached skill level 1 in Poison Magic
  1041 | D:2      | Found a white marble altar of Elyvilon.
  1048 | D:2      | Found a shadowy altar of Dithmenos.
  1242 | D:2      | Found a blossoming altar of Fedhas.
  1243 | D:2      | Found a shattered altar of Ashenzari.
  1323 | D:2      | Reached XP level 5. HP: 37/47 MP: 6/6
  1540 | D:2      | Noticed an ice beast
  1556 | D:2      | Killed an ice beast
  1820 | D:3      | Reached XP level 6. HP: 49/53 MP: 8/8
  1868 | D:3      | Found a hide-covered altar of Uskayaw.
  2161 | D:3      | Found a bloodstained altar of Trog.
  2305 | D:3      | Noticed a phantom
  2326 | D:3      | Killed a phantom
  2326 | D:3      | Reached skill level 5 in Axes
  3223 | D:4      | Found a staircase to the Ecumenical Temple.
  3228 | Temple   | Entered the Ecumenical Temple
  3235 | Temple   | Became a worshipper of Warmaster Okawaru
  3247 | D:4      | Noticed a phantom
  3273 | D:4      | Reached XP level 7. HP: 31/59 MP: 10/10
  3523 | D:4      | Found Odocwuofu's Armour Shoppe.
  3638 | D:4      | Noticed Pikel
  3651 | D:4      | Killed Pikel
  3651 | D:4      | Reached * piety under Okawaru
  3651 | D:4      | Reached XP level 8. HP: 30/67 MP: 10/12
  4357 | D:5      | Entered Level 5 of the Dungeon
  4491 | D:5      | Found a glowing drain.
  4500 | Sewer    | Entered a sewer
  4729 | Sewer    | Reached ** piety under Okawaru
  5803 | D:5      | Reached XP level 9. HP: 45/72 MP: 14/14
  5954 | D:6      | Noticed Maggie
  5978 | D:6      | Killed Maggie
  5978 | D:6      | Reached *** piety under Okawaru
  6239 | D:6      | Found a glowing golden altar of the Shining One.
  6953 | D:7      | Noticed Harold
  6958 | D:7      | Noticed Duvessa
  6960 | D:7      | Noticed Dowan
  6972 | D:6      | Reached **** piety under Okawaru
  6976 | D:6      | Killed Harold
  6976 | D:6      | Reached skill level 5 in Invocations
  7283 | D:6      | Reached XP level 10. HP: 20/80 MP: 15/17
  7565 | D:7      | Killed Duvessa
  7578 | D:7      | Killed Dowan
  7583 | D:7      | Reached ***** piety under Okawaru
  8152 | D:7      | Noticed Menkaure
  8164 | D:7      | Killed Menkaure
  8164 | D:7      | Reached skill level 5 in Short Blades
  8164 | D:7      | Reached skill level 5 in Long Blades
  8164 | D:7      | Reached skill level 5 in Maces & Flails
  8164 | D:7      | Reached skill level 5 in Polearms
  8164 | D:7      | Reached skill level 5 in Staves
  8164 | D:7      | Reached skill level 5 in Slings
  8164 | D:7      | Reached skill level 5 in Bows
  8164 | D:7      | Reached skill level 5 in Crossbows
  8164 | D:7      | Reached skill level 5 in Throwing
  8164 | D:7      | Reached skill level 5 in Dodging
  8164 | D:7      | Reached skill level 5 in Stealth
  8164 | D:7      | Reached skill level 5 in Unarmed Combat
  8164 | D:7      | Reached skill level 5 in Spellcasting
  8164 | D:7      | Reached skill level 5 in Evocations
  8431 | D:7      | Found a sacrificial altar of Ru.
  9206 | D:8      | Received a gift from Okawaru
  9738 | D:8      | Received a gift from Okawaru
 10039 | D:8      | Identified the +4 war axe of Pyfyipui {vorpal, rElec rC++}
                  | (You found it on level 8 of the Dungeon)
 11067 | D:9      | Found a runed translucent door.
 11071 | D:9      | Noticed Deaus's ghost (novice VSFi)
 11093 | D:9      | Killed Deaus's ghost
 11383 | D:9      | Found a burning altar of Makhleb.
 11385 | D:9      | Reached XP level 11. HP: 78/87 MP: 19/19
 11467 | D:9      | Noticed a green death
 11780 | D:10     | Entered Level 10 of the Dungeon
 11999 | D:10     | Noticed a two-headed ogre
 12032 | D:10     | Slain by a two-headed ogre

Illustrated notes

Levels and vault maps discovered:
D:1:      saegor_arrival_simple_c, layout_loops_ring
D:2:      layout_loops_ring, nicolae_overflow_hidden_temple, uniq_jessica
D:3:      layout_basic, old_standard_altar, nicolae_overflow_crystal_walls
D:4:      layout_loops_ring, minmay_temple_entry_drinking_statues, serial_shops,
          nicolae_shop_stone, kennysheep_generic_room_4, uniq_pikel
D:5:      layout_rooms, first_ration, cheibrodos_sewer_entry_drain,
          hangedman_abyss_or_decor_jellyfish_corner
D:6:      minmay_inner_zag, layout_basic, tso_metal_star, uniq_maggie
D:7:      layout_cave_pods, overflow_temple_1_default, uniq_harold,
          uniq_menkaure, uniq_duvessa
D:8:      layout_basic, minmay_strange_pillars
D:9:      layout_roguey, makhleb_altar_promises_db,
          hellmonk_ghost_happy_afterlife, minmay_between
D:10:     layout_long_grid, serial_glass, glass_columns_a, glass_columns_c
Temple:   cyrus_circular_temple

Skill      XL: |  1  2  3  4  5  6  7  8  9 10 |
---------------+-------------------------------+-----
Invocations    | 1 2 3 4 5 6 |  6.4
Short Blades   | 1 2 3 4 5 |  5.9
Long Blades    | 1 2 3 4 5 |  5.9
Maces & Flails | 1 2 3 4 5 |  5.9
Polearms       | 1 2 3 4 5 |  5.9
Staves         | 1 2 3 4 5 |  5.9
Slings         | 1 2 3 4 5 |  5.9
Bows           | 1 2 3 4 5 |  5.9
Crossbows      | 1 2 3 4 5 |  5.9
Throwing       | 1 2 3 4 5 |  5.9
Dodging        | 1 2 3 4 5 |  5.9
Stealth        | 1 2 3 4 5 |  5.9
Unarmed Combat | 1 2 3 4 5 |  5.9
Spellcasting   | 1 2 3 4 5 |  5.9
Evocations     | 1 2 3 4 5 |  5.9
Conjurations   | 1 2 3 4 |  4.8
Hexes          | 1 2 3 4 |  4.8
Charms         | 1 2 3 4 |  4.8
Summonings     | 1 2 3 4 |  4.8
Necromancy     | 1 2 3 4 |  4.8
Translocations | 1 2 3 4 |  4.8
Transmutations | 1 2 3 4 |  4.8
Fire Magic     | 1 2 3 4 |  4.8
Ice Magic      | 1 2 3 4 |  4.8
Air Magic      | 1 2 3 4 |  4.8
Earth Magic    | 1 2 3 4 |  4.8
Poison Magic   | 1 2 3 4 |  4.8
Axes           | 5 6 7 |  7.5
Fighting       | 7 8 |  8.9
Armour         | 7 8 |  8.9
Shields        | 7 8 |  8.9

Action                   |  1- 3 |  4- 6 |  7- 9 | 10-12 || total
-------------------------+-------+-------+-------+-------++-------
Melee: War axe           |    53 |   185 |   252 |   302 ||   792
       Bite              |     6 |    22 |    37 |    31 ||    96
Throw: Boomerang         |       |       |    13 |    13 ||    26
  Use: Scroll            |     1 |     9 |     7 |     3 ||    20
       Potion            |       |       |     6 |     1 ||     7
 Stab: Sleeping          |       |       |     1 |     7 ||     8
       Distracted        |       |       |       |     1 ||     1
  Eat: Chunk             |       |     3 |     5 |    11 ||    19
       Ration            |       |     2 |     2 |     1 ||     5
Armor: Scale mail        |    17 |    59 |    53 |       ||   129
       Acid dragon scale |       |       |    26 |    87 ||   113
Dodge: Dodged            |    19 |    59 |   143 |   188 ||   409
Block: Kite shield       |    25 |    97 |    90 |       ||   212
       Buckler           |       |       |    25 |    90 ||   115

Table legend:
 A = Non-vault XP
 B = Vault XP
 C = Vault XP percentage of total XP
 D = Non-vault monster count
 E = Vault monster count
 F = Vault count percentage of total count
                 A         B        C        D         E       F
            +---------+---------+-------+---------+---------+-------
      Total |    6840 |    3571 |  34.3 |     203 |      64 |  24.0
            +---------+---------+-------+---------+---------+-------
        D:1 |      32 |       0 |   0.0 |      19 |       0 |   0.0
        D:2 |     243 |      37 |  13.2 |      23 |       1 |   4.2
        D:3 |     229 |       0 |   0.0 |      25 |       0 |   0.0
        D:4 |     519 |     709 |  57.7 |      22 |       2 |   8.3
        D:5 |     376 |       8 |   2.1 |      12 |       3 |  20.0
        D:6 |    1071 |    1233 |  53.5 |      21 |       3 |  12.5
        D:7 |     774 |     397 |  33.9 |      16 |       3 |  15.8
        D:8 |    2158 |       0 |   0.0 |      38 |       0 |   0.0
        D:9 |     395 |     933 |  70.3 |      12 |       4 |  25.0
       D:10 |    1043 |       0 |   0.0 |      15 |       0 |   0.0
      Sewer |       0 |     254 | 100.0 |       0 |      48 | 100.0
            +---------+---------+-------+---------+---------+-------
